 Dungeon Crawl Stone Soup version 0.29.1 (webtiles) character file.

Game seed: 16995696362020103668

319 LustLizard the Ruffian (level 6, -3/61 HPs)
             Began as a Troll Fighter on Sept 14, 2022.
             Slain by a gnoll
             ... wielding a +0 club
              (4 damage)
             ... on level 4 of the Dungeon.
             The game lasted 00:03:57 (2545 turns).

LustLizard the Ruffian (Troll Fighter)              Turns: 2545, Time: 00:03:58

Health: -3/61      AC:  0    Str: 25    XL:     6   Next: 21%
Magic:  5/5        EV:  8    Int:  6    God:
Gold:   143        SH:  0    Dex:  9    Spells: 5/5 levels left

rFire   . . .      SeeInvis .     - Unarmed
rCold   . . .      Faith    .   b - +0 kite shield
rNeg    . . .      Spirit   .   a - +0 robe
rPois   .          Reflect  .   (helmet restricted)
rElec   .          Harm     .   (no cloak)
rCorr   .          Rampage  .   (gloves unavailable)
Will    .....                   (boots unavailable)
Stlth   +.........              (no amulet)
HPRegen 1.00/turn               (no ring)
MPRegen 0.09/turn               (no ring)

@: confused, lethally poisoned (-3 -> -6), ambrosia-drunk, corroded
A: large, unfitting armour, claws 3, regeneration 1, shaggy fur 1, tough skin 1
a: no special abilities


You were on level 4 of the Dungeon.
You visited 1 branch of the dungeon, and saw 4 of its levels.

You collected 143 gold pieces.

Inventory:

Missiles
 d - 22 stones (quivered)
 i - 2 poisoned darts
 l - a throwing net
 q - a boomerang
Armour
 a - a +0 robe (worn)
 b - a +0 kite shield (worn)
Jewellery
 p - a ring of wizardry
Scrolls
 e - 2 scrolls of teleportation {unknown}
 f - 3 scrolls of identify
 h - a scroll of amnesia {unknown}
 n - a scroll of poison {unknown}
 o - a scroll of enchant armour {unknown}
 r - a scroll of brand weapon {unknown}
Potions
 c - a potion of might
 g - 2 potions of mutation
 k - a potion of flight
 m - a potion of magic


   Skills:
 + Level 3.5 Fighting
 - Level 2.4 Dodging
 + Level 3.9 Shields
 * Level 4.9 Unarmed Combat


You had 5 spell levels left.
You didn't know any spells.
Your spell library was empty.

Dungeon Overview and Level Annotations

Branches:
Dungeon (4/15)
 Temple: D:4-7

Altars:
Elyvilon
Sif Muna
Yredelemnul


Innate Abilities, Weirdness & Mutations

You are too large for most types of armour.
You have claws for hands.
Your natural rate of healing is unusually fast.
You are covered in fur. (AC +1)
You have tough skin. (AC +1)


Message History

The jelly is severely wounded.
You block the jelly's attack. The gnoll hits you with a +0 club.
You block the gnoll's attack.
You scratch the jelly but do no damage.
Your claws burn!
The jelly is severely wounded.
The jelly hits you.
You are splashed with acid.
You block the gnoll's attack. x2
You mangle the jelly!!
You kill the jelly!
You block the adder's attack. The gnoll barely misses you.
The gnoll closely misses you. The adder bites you.
You closely miss the adder. You block the gnoll's attack.
The gnoll barely misses you. The adder bites you.
You are poisoned.
The adder poisons you!
You miss the adder.
You feel sick. The adder closely misses you. The gnoll closely misses you.
The gnoll barely misses you.
You closely miss the adder.
You feel sick. The adder bites you. The gnoll barely misses you.
You block the gnoll's attack. You block the adder's attack.
You miss the adder.
You feel sick. The gnoll hits you with a +0 club!
The gnoll hits you from afar with a +0 spear!
* * * LOW HITPOINT WARNING * * *
You block the adder's attack.
You barely miss the adder.
You feel sick.
You are no longer poisoned.
The adder bites you.
* * * LOW HITPOINT WARNING * * *
You are poisoned.
The adder poisons you! The gnoll closely misses you.
The gnoll hits you with a +0 club.
* * * LOW HITPOINT WARNING * * *
You are confused.
You feel invigorated.
You feel sick. The adder bites you.
* * * LOW HITPOINT WARNING * * *
You are more poisoned.
The adder poisons you!
The gnoll hits you from afar with a +0 spear!
* * * LOW HITPOINT WARNING * * *
The gnoll hits you with a +0 club.
You die...

.####...## ###........
####.....####..........
##...###..#...#########
)...## ##...### ..###
#..## #.# #...## #.#
##....#### #.#
#........######.. #.##
###..####..@gg.....
#..###.....#####S...#...
#....†......#####.......
............... ##...#.
...###....###. #### ##.#
##...# #.## ##..## ##..#
##..## #...## #...#####


You could see 2 gnolls and an adder.

Vanquished Creatures
  A centaur (D:4)
  A jelly (D:4)
  An iguana (D:4)
  An orc wizard (D:4)
  4 gnolls (D:2)
  3 adders
  An ufetubus (D:4)
  2 worms (D:2)
  3 dart slugs
  3 orcs (D:4)
  8 endoplasms
  2 giant cockroaches (D:2)
  2 goblins (D:2)
  3 hobgoblins
  5 jackals
  4 quokkas
  3 ball pythons
  8 bats
  11 kobolds
  8 rats
74 creatures vanquished.

Notes
Turn   | Place    | Note
-------+----------+-------------------------------------------
     0 | D:1      | LustLizard the Troll Fighter began the quest for the Orb.
     0 | D:1      | Reached XP level 1. HP: 22/22 MP: 0/0
   151 | D:1      | Found a faded altar of an unknown god.
   239 | D:1      | Reached XP level 2. HP: 29/29 MP: 1/1
   580 | D:2      | Reached XP level 3. HP: 36/36 MP: 2/2
   613 | D:2      | Reached skill level 3 in Unarmed Combat
   857 | D:2      | Reached XP level 4. HP: 24/44 MP: 3/3
  1094 | D:3      | Found a white marble altar of Elyvilon.
  1985 | D:4      | Found a basalt altar of Yredelemnul.
  2111 | D:4      | Reached skill level 4 in Unarmed Combat
  2111 | D:4      | Reached XP level 5. HP: 32/53 MP: 4/4
  2323 | D:4      | Found a shimmering blue altar of Sif Muna.
  2445 | D:4      | Noticed a centaur
  2463 | D:4      | Killed a centaur
  2464 | D:4      | Reached XP level 6. HP: 50/61 MP: 5/5
  2545 | D:4      | HP: 1/61 [gnoll/+0 spear (9)]
  2545 | D:4      | Slain by a gnoll

Illustrated notes

Levels and vault maps discovered:
D:1:      minmay_arrival_five_plusses, layout_basic,
          ebering_ecumenical_altar_petrified, minmay_pentomino_r2
D:2:      layout_basic
D:3:      layout_loops_corners, mainiacjoe_overflow_paths
D:4:      layout_layer_cave, lemuel_round_altar, lemuel_round_altar,
          nicolae_sif_muna_condensation, kennysheep_cross_bottleneck

Skill      XL: |  1  2  3  4 |
---------------+-------------+-----
Shields        | 3 |  3.9
Unarmed Combat | 3 4 |  4.9
Fighting       | 3 |  3.5
Dodging        | |  2.4

Action                   |  1- 3 |  4- 6 || total
-------------------------+-------+-------++-------
Melee: Unarmed           |    89 |   120 ||   209
Throw: Stone             |     2 |       ||     2
  Use: Scroll            |     1 |     3 ||     4
       Potion            |       |     1 ||     1
Armor: Robe              |    28 |    27 ||    55
Dodge: Dodged            |    30 |    50 ||    80
Block: Kite shield       |    29 |    63 ||    92
